 Dungeon Crawl Stone Soup version 0.22-a0-247-gbddf880757 (webtiles) character file.

111788 RedPan the Carver (level 16, -9/124 HPs)
             Began as a Demonspawn Monk on Feb 23, 2018.
             Was the Champion of Cheibriados.
             Mangled by a four-headed hydra simulacrum (12 damage)
             ... in an ice cave.
             The game lasted 01:03:16 (26209 turns).

RedPan the Carver (Demonspawn Monk)                Turns: 26209, Time: 01:03:17

Health: -9/124     AC: 29    Str: 39    XL:     16   Next: 10%
Magic:  23/23      EV: 23    Int: 27    God:    Cheibriados [******]
Gold:   1602       SH: 21    Dex: 34    Spells: 12/15 levels left

rFire    . . .     SeeInvis .   d - +8 demon blade (elec)
rCold    + + .     Gourm    .   T - +2 shield {rC+}
rNeg     + . .     Faith    .   R - +4 plate armour {rN+}
rPois    .         Spirit   .   F - +1 helmet
rElec    +         Reflect  +   b - +0 cloak
rCorr    .         Harm     .   r - +2 pair of gloves "Zohunuax" {*Corrode rElec Str+2 Dex+2}
MR       +....                  (boots unavailable)
Stlth    ..........             L - +2 amulet of reflection
HPRegen  0.30/turn              y - +3 ring of evasion
MPRegen  0.18/turn              u - ring of protection from cold

@: mighty, very slow
A: talons 3, icy blue scales 2, foul stench 2, spiny 2, rot immunity
a: Bend Time, Temporal Distortion, Slouch, Step From Time, Renounce Religion


You were in an ice cave.
You worshipped Cheibriados.
Cheibriados was exalted by your worship.
You were very hungry.

You visited 5 branches of the dungeon, and saw 25 of its levels.
You also visited: Sewer and Ice Cave.

You collected 2704 gold pieces.
You spent 1102 gold pieces at shops.

Inventory:

Hand Weapons
 d - a +8 demon blade of electrocution (weapon)
Armour
 b - a +0 cloak (worn)
 r - the +2 pair of gloves "Zohunuax" (worn) {*Corrode rElec Str+2 Dex+2}
   (You found it on level 10 of the Dungeon)

   It affects your strength (+2).
   It affects your dexterity (+2).
   It insulates you from electricity.
   It may corrode you when you take damage.
 F - a +1 helmet (worn)
 R - a +4 plate armour of positive energy (worn)
 T - a +2 shield of cold resistance (worn)
Jewellery
 f - an uncursed ring of resist corrosion
 k - an uncursed ring of positive energy
 u - a ring of protection from cold (right hand)
 y - a +3 ring of evasion (left hand)
 K - an uncursed ring of fire
 L - a +2 amulet of reflection (around neck)
Wands
 m - a wand of paralysis (14)
 w - a wand of disintegration (13)
 B - a wand of polymorph (17)
 C - a wand of iceblast (32)
 G - a wand of digging (25)
 M - a wand of acid (12)
Scrolls
 g - 6 scrolls of identify
 j - 6 scrolls of fog
 q - 3 scrolls of amnesia
 s - 9 scrolls of teleportation
 t - 2 scrolls of fear
 v - 3 scrolls of blinking
 x - 2 scrolls of summoning
 I - 4 scrolls of magic mapping
 J - a scroll of vulnerability
 N - a scroll of torment {unknown}
 S - 9 scrolls of remove curse
Potions
 a - 2 potions of curing
 e - a potion of resistance
 h - a potion of agility
 i - 5 potions of ambrosia
 l - a potion of heal wounds
 n - 6 potions of cancellation
 p - a potion of might
 z - 6 potions of flight
 A - 7 potions of invisibility
 D - 4 potions of brilliance
 H - a potion of magic
Comestibles
 c - 41 rations


   Skills:
 + Level 10.8 Fighting
 - Level 14.0 Long Blades
 + Level 10.6 Armour
 + Level 10.6 Dodging
 - Level 1.7 Stealth
 + Level 13.0 Shields
 + Level 4.2 Necromancy
 - Level 10.1 Invocations


You had 12 spell levels left.
You knew the following spells:

 Your Spells              Type           Power        Failure   Level  Hunger
a - Regeneration          Chrm/Necr      ##........   65%         3    ####...


Dungeon Overview and Level Annotations

Branches:
Dungeon (15/15)            Temple (1/1) D:5            Lair (6/6) D:11
 Shoals (0/4) Lair:2        Snake (1/4) Lair:3        Slime (0/5) Lair:6
    Orc (2/2) D:11            Elf (0/3) Orc:2        Vaults (0/5) D:14
 Depths (0/5) D:15

Altars:
Ashenzari
Cheibriados
Dithmenos
Elyvilon
Fedhas
Gozag
Hepliaklqana
Kikubaaqudgha
Makhleb
Nemelex Xobeh
Okawaru
Qazlal
Ru
Sif Muna
Trog
Uskayaw
Vehumet
Wu Jian
Xom
Yredelemnul
Zin
The Shining One
Jiyva

Shops:
D:6 *   D:14 *   D:15 (   Orc:1 (   Orc:2 :([:   Snake:1 (*

Annotations:
D:9 exclusions: electric eel and 1 more exclusion
D:11 exclusion: 2 oklob plants
D:13 Maurice


Innate Abilities, Weirdness & Mutations

You have claws for feet.
You are mostly covered in icy blue scales. (AC +3)
You frequently emit foul miasma when damaged in melee.
You are mostly covered in sharp spines.
You are immune to rotting.


Message History

The ice devil is moderately wounded.
You block the ice devil's attack.
You slice the ice devil!!
Lightning courses through the ice devil!
You kill the ice devil!
Cheibriados thoroughly appreciates the change of pace.
You slash the ice devil! You claw the ice devil!
The ice devil is severely wounded.
You block the four-headed hydra simulacrum's attack.
The four-headed hydra simulacrum bites you!
* * * LOW HITPOINT WARNING * * *
The four-headed hydra simulacrum freezes you!
You resist.
* * * LOW HITPOINT WARNING * * *
You block the four-headed hydra simulacrum's attack.
The four-headed hydra simulacrum bites you.
* * * LOW HITPOINT WARNING * * *
The four-headed hydra simulacrum freezes you!
You resist.
You die...

###§##
##§#
##§#
#.§#
#.##
#.##
##.#
##.#
#4@#
#.Z##
#...
....#
#....
##..#
#..
###


You could see an ice devil and a four-headed hydra simulacrum.

Vanquished Creatures
  An Ice Fiend (IceCv)
  Frances (D:15)
  Kirke (D:12)
  A dire elephant (Lair:6)
  2 fire dragons (D:15)
  The ghost of marsu the Grappler, a journeyman TrAK of Lugonu (D:11)
  4 vault guards (D:14)
  4 hydras
  A death knight (D:14)
  4 catoblepae
  7 centaur warriors
  3 death yaks (Lair:6)
  7 two-headed ogres
  A tengu warrior (D:14)
  3 orc high priests (Orc:2)
  3 shock serpents (Snake:1)
  2 naga sharpshooters (Snake:1)
  A naga ritualist (Snake:1)
  A lindwurm (Lair:6)
  A wizard (D:14)
  6 orc knights
  Pikel (D:8)
  2 wolf spider zombies (D:14)
  2 mana vipers (Snake:1)
  18 ugly things
  2 deep elf magi
  6 orc sorcerers
  3 cyclopes
  6 manticores
  2 ice statues
  A merfolk siren (Lair:2)
  7 elephants
  11 black mambas
  A naga mage (Snake:1)
  A torpor snail (Lair:6)
  A gargoyle (D:11)
  12 spiny frogs
  6 rime drakes
  2 freezing wraiths
  5 komodo dragons
  5 kobold demonologists
  2 anaconda simulacra (IceCv)
  A golden dragon simulacrum (IceCv)
  5 ice devils (IceCv)
  5 trolls
  A wolf spider simulacrum (IceCv)
  A queen bee (Lair:3)
  A polar bear (Lair:6)
  A harpy skeleton (D:15)
  16 blink frogs
  15 hippogriffs
  7 dream sheep
  2 centaur simulacra
  A spriggan (D:11)
  A hog (shapeshifter) (D:14)
  A shadow (D:15)
  2 wraiths (D:14)
  3 dire elephant simulacra (IceCv)
  54 yaks
  5 wyverns
  A hog (D:12)
  2 fire bats (Lair:1)
  A steam dragon (Lair:3)
  3 hungry ghosts
  6 basilisks
  2 vampire mosquitoes (D:13)
  4 harpy simulacra (IceCv)
  7 wargs
  11 nagas
  2 hydra simulacra (IceCv)
  13 water moccasins
  17 orc warriors
  7 porcupines
  5 ice beasts
  5 black bears
  An alligator simulacrum (IceCv)
  A sky beast (D:8)
  A slave (D:8)
  4 phantoms
  2 ettin simulacra (IceCv)
  10 ogres
  An eye of draining (D:10)
  A necrophage (D:11)
  A wolf (Lair:3)
  9 crocodiles
  13 centaurs
  3 big kobolds
  20 bullfrogs
  A gnoll sergeant (D:6)
  2 wyvern skeletons
  5 scorpions
  38 killer bees
  8 wights
  2 elephant simulacra (IceCv)
  4 electric eels
  4 crimson imps
  A bullfrog zombie (D:9)
  7 howler monkeys
  4 centaur zombies
  2 quasits
  4 centaur skeletons
  4 hounds
  3 jellies
  24 orc wizards
  18 orc priests
  3 bullfrog skeletons
  A gnoll shaman (D:6)
  Natasha (D:2)
  4 iguanas
  11 worker ants
  4 hell rats (Lair:6)
  A polar bear simulacrum (IceCv)
  4 troll simulacra (IceCv)
  2 spriggan simulacra (IceCv)
  2 wolf simulacra (IceCv)
  A hound zombie (D:5)
  A howler monkey zombie (D:8)
  A howler monkey skeleton (D:6)
  11 gnolls
  3 river rats
  13 adders
  4 naga simulacra (IceCv)
  2 ogre simulacra (IceCv)
  5 shadow imps
  5 white imps (IceCv)
  2 ufetubi (IceCv)
  8 oozes
  An adder zombie (D:8)
  3 adder skeletons
  11 worms
  3 dart slugs
  7 leopard geckos
  65 orcs
  5 ball pythons
  4 giant cockroaches
  10 goblins
  3 hobgoblins
  18 jackals
  4 quokkas
  17 bats
  8 frilled lizards
  A jackal skeleton (D:4)
  15 kobolds
  11 rats
  A spectral orc (D:8)
833 creatures vanquished.

Vanquished Creatures (others)
  A tengu warrior (D:14)
  An orc sorcerer (Orc:2)
  A troll (D:13)
  A centaur (D:8)
  A bullfrog (D:8)
  2 hounds (D:8)
  An orc priest (Orc:2)
  A worker ant (D:8)
  2 adders (D:8)
  A white imp (IceCv)
  A leopard gecko zombie (D:8)
  7 fungi
  4 plants
24 creatures vanquished.

Grand Total: 857 creatures vanquished

Notes
Turn   | Place    | Note
-------+----------+-------------------------------------------
     0 | D:1      | RedPan the Demonspawn Monk began the quest for the Orb.
     0 | D:1      | Reached XP level 1. HP: 18/18 MP: 1/1
    55 | D:1      | Reached skill level 3 in Long Blades
   166 | D:1      | Gained mutation: You are partially covered in icy blue scales. (AC +2) [demonic ancestry]
   166 | D:1      | Reached XP level 2. HP: 21/24 MP: 2/2
   659 | D:1      | Reached skill level 1 in Armour
   696 | D:1      | Gained mutation: You are partially covered in sharp spines. [demonic ancestry]
   696 | D:1      | Reached XP level 3. HP: 29/29 MP: 3/3
  1180 | D:2      | Found a glowing silver altar of Zin.
  1292 | D:2      | Gained mutation: You are mostly covered in sharp spines. [demonic ancestry]
  1292 | D:2      | Reached XP level 4. HP: 34/35 MP: 4/4
  1407 | D:2      | Noticed Natasha
  1854 | D:2      | Killed Natasha
  1854 | D:2      | Reached skill level 4 in Long Blades
  2196 | D:3      | Gained mutation: You are mostly covered in icy blue scales. (AC +3) [demonic ancestry]
  2196 | D:3      | Reached XP level 5. HP: 35/41 MP: 5/5
  2894 | D:4      | Reached skill level 1 in Shields
  2932 | D:4      | Gained mutation: You have sharp toenails. [demonic ancestry]
  2932 | D:4      | Reached XP level 6. HP: 39/47 MP: 6/6
  3039 | D:4      | Reached skill level 5 in Long Blades
  3092 | D:4      | Noticed a water moccasin
  3100 | D:4      | Killed a water moccasin
  3100 | D:4      | Gained mutation: You have razor-sharp toenails. [demonic ancestry]
  3100 | D:4      | Reached XP level 7. HP: 30/52 MP: 7/7
  3362 | D:4      | Found a glowing drain.
  3380 | Sewer    | Entered a sewer
  4013 | D:5      | Entered Level 5 of the Dungeon
  4189 | D:4      | Reached skill level 6 in Long Blades
  4602 | D:5      | Gained mutation: You are immune to rotting. [demonic ancestry]
  4602 | D:5      | Reached XP level 8. HP: 45/58 MP: 8/8
  4675 | D:5      | Found a staircase to the Ecumenical Temple.
  4700 | Temple   | Entered the Ecumenical Temple
  5529 | D:6      | Reached skill level 5 in Dodging
  5764 | D:5      | Reached skill level 7 in Long Blades
  6202 | D:6      | Gained mutation: You may emit foul miasma when damaged in melee. [demonic ancestry]
  6202 | D:6      | Reached XP level 9. HP: 20/63 MP: 9/9
  6483 | D:6      | Noticed a two-headed ogre
  6490 | D:6      | Killed a two-headed ogre
  6490 | D:6      | Reached skill level 8 in Long Blades
  6490 | D:6      | Reached skill level 5 in Armour
  6660 | D:6      | Found a bloodstained altar of Trog.
  6667 | D:6      | Found a hide-covered altar of Uskayaw.
  6667 | D:6      | Found a snail-covered altar of Cheibriados.
  6667 | D:6      | Found a white marble altar of Elyvilon.
  6676 | D:6      | Became a worshipper of Cheibriados the Contemplative
  6676 | D:6      | Reached * piety under Cheibriados
  6676 | D:6      | Reached ** piety under Cheibriados
  6762 | D:6      | Found Fiohyvvo's Assorted Antiques.
  6766 | D:6      | Bought a square peridot amulet for 135 gold pieces
  7261 | D:7      | Reached skill level 5 in Shields
  7271 | D:7      | Reached *** piety under Cheibriados
  7833 | D:8      | Noticed Pikel
  7843 | D:8      | Killed Pikel
  7843 | D:8      | Reached skill level 9 in Long Blades
  7843 | D:8      | Reached XP level 10. HP: 65/70 MP: 10/10
  8148 | D:8      | Reached **** piety under Cheibriados
  8189 | D:8      | Noticed a two-headed ogre
  8196 | D:8      | Killed a two-headed ogre
  8299 | D:8      | Found a shimmering altar of Xom.
  8569 | D:8      | Found a basalt altar of Yredelemnul.
  8871 | D:9      | Reached skill level 10 in Long Blades
  8932 | D:9      | Reached skill level 1 in Invocations
  9179 | D:9      | Reached ***** piety under Cheibriados
  9688 | D:9      | Found a blossoming altar of Fedhas.
  9712 | D:9      | Reached XP level 11. HP: 66/75 MP: 13/13
 10005 | D:10     | Entered Level 10 of the Dungeon
 10028 | D:10     | Noticed a two-headed ogre
 10036 | D:10     | Killed a two-headed ogre
 10036 | D:10     | Reached skill level 5 in Invocations
 10178 | D:10     | Got a pair of heavily runed gloves
 10189 | D:10     | Identified the +2 pair of gloves "Zohunuax" {*Corrode rElec Str+2 Dex+2} (You found it on level 10 of the Dungeon)
 10672 | D:11     | Noticed a two-headed ogre
 10680 | D:11     | Killed a two-headed ogre
 10734 | D:11     | Noticed marsu's ghost (journeyman TrAK)
 11109 | D:11     | Killed marsu's ghost
 11241 | D:11     | Found a staircase to the Orcish Mines.
 11497 | D:11     | Found a staircase to the Lair.
 11626 | D:11     | Reached ****** piety under Cheibriados
 11794 | D:11     | Found a blossoming altar of Fedhas.
 11796 | D:11     | Noticed an oklob plant
 11796 | D:11     | Noticed an oklob plant
 12035 | D:11     | Noticed a two-headed ogre
 12043 | D:11     | Killed a two-headed ogre
 12794 | D:12     | Noticed Kirke
 12807 | D:12     | Killed Kirke
 12807 | D:12     | Gained mutation: You frequently emit foul miasma when damaged in melee. [demonic ancestry]
 12807 | D:12     | Reached XP level 12. HP: 79/84 MP: 17/19
 13026 | D:12     | You fall through a shaft for 3 floors!
 13026 | D:15     | Entered Level 15 of the Dungeon
 13026 | D:15     | Noticed a tengu warrior
 13026 | D:15     | Noticed a tengu warrior
 13026 | D:15     | Noticed a centaur warrior
 13047 | D:14     | Noticed a centaur warrior
 13050 | D:14     | Killed a tengu warrior
 13050 | D:14     | Reached skill level 10 in Invocations
 13053 | D:14     | Killed a tengu warrior
 13053 | D:14     | Reached skill level 5 in Fighting
 13058 | D:14     | Killed a centaur warrior
 13131 | D:14     | Noticed a vault guard
 13143 | D:14     | Killed a vault guard
 13307 | D:14     | Noticed a vault guard
 13310 | D:14     | Noticed a vault guard
 13338 | D:14     | Killed a vault guard
 13351 | D:14     | Killed a vault guard
 13465 | D:14     | Noticed a two-headed ogre
 13472 | D:14     | Killed a two-headed ogre
 13556 | D:14     | Found a gate to the Vaults.
 13566 | D:14     | Reached skill level 10 in Shields
 13982 | D:14     | Reached XP level 13. HP: 92/99 MP: 20/20
 14426 | D:13     | Noticed Maurice
 14455 | D:13     | Noticed Frances
 14763 | Lair:1   | Entered Level 1 of the Lair of Beasts
 16302 | Lair:2   | Reached skill level 11 in Long Blades
 16360 | Lair:2   | Found a staircase to the Shoals.
 17134 | Lair:3   | Found a staircase to the Snake Pit.
 17313 | Lair:3   | Found a burning altar of Makhleb.
 17766 | Lair:3   | Reached XP level 14. HP: 106/108 MP: 21/21
 17892 | Lair:3   | Identified a scroll of acquirement
 18789 | Lair:4   | Reached skill level 12 in Long Blades
 19544 | Lair:5   | Found the +4 arc blade {discharge, rElec}
 20232 | Lair:6   | Entered Level 6 of the Lair of Beasts
 20922 | Lair:6   | Reached skill level 10 in Armour
 20922 | Lair:6   | Reached skill level 10 in Dodging
 21451 | Lair:6   | Found a runed door.
 21451 | Lair:6   | Found a viscous altar of Jiyva.
 21452 | Lair:6   | Found a staircase to the Slime Pits.
 21842 | Orc:1    | Entered Level 1 of the Orcish Mines
 21985 | Orc:2    | Entered Level 2 of the Orcish Mines
 22025 | Orc:2    | Found a staircase to the Elven Halls.
 22277 | Orc:2    | Reached skill level 13 in Long Blades
 22319 | Orc:2    | Found Cucil's Book Boutique.
 22330 | Orc:2    | Paralysed by an orc sorcerer for 4 turns
 22342 | Orc:2    | Paralysed by an orc sorcerer for 5 turns
 22743 | Orc:2    | Reached XP level 15. HP: 79/113 MP: 22/22
 22891 | Orc:2    | Found Mauri's Book Boutique.
 22911 | Orc:2    | Found Xoed's Antique Armour Shoppe.
 22911 | Orc:2    | Found Pyats's Antique Weapon Shoppe.
 23071 | Orc:2    | Bought a book of Necromancy for 450 gold pieces
 23075 | Orc:2    | Learned a level 3 spell: Regeneration
 23085 | Orc:2    | Bought a pair of embroidered boots for 240 gold pieces
 23179 | Orc:1    | Found Daroj's Antique Weapon Shoppe.
 24140 | D:14     | Found Netiw's Assorted Antiques.
 24146 | D:14     | Bought a potion of heal wounds for 150 gold pieces
 24582 | D:14     | Reached skill level 10 in Fighting
 24668 | D:15     | Killed Frances
 24668 | D:15     | Reached skill level 14 in Long Blades
 24719 | D:15     | Reached skill level 1 in Necromancy
 24830 | D:15     | Found a staircase to the Depths.
 25183 | D:15     | Found Fikunaze's Antique Weapon Shoppe.
 25357 | Snake:1  | Entered Level 1 of the Snake Pit
 25424 | Snake:1  | Found Vintewor's Weapon Shoppe.
 25453 | Snake:1  | Found Gaiptus's General Store.
 25482 | Snake:1  | Bought a +2 amulet of reflection for 127 gold pieces
 25612 | Snake:1  | Found a frozen archway.
 25626 | IceCv    | Entered an ice cave
 25858 | IceCv    | Identified the Reference Book on Transmutation and Confrontation
 26078 | IceCv    | Gained mutation: You have claws for feet. [demonic ancestry]
 26078 | IceCv    | Reached XP level 16. HP: 114/124 MP: 23/23
 26176 | IceCv    | Noticed an Ice Fiend
 26202 | IceCv    | Killed an Ice Fiend
 26209 | IceCv    | HP: 6/124 [four-headed hydra simulacrum (11)]
 26209 | IceCv    | Mangled by a four-headed hydra simulacrum

Vault maps used:
D:1:      lightli_arrival_chessboard
D:2:      marbit_many_paths, first_ration, uniq_natasha
D:3:      cheibrodos_helix_gallery
D:4:      portal_sewer_entry_b, fountainhead, roderic_lattice_a,
          wad_floor_pattern_1
D:5:      minmay_temple_entry_mist, kennysheep_generic_room_4
D:6:      minitemple, serial_shops, shop
D:8:      xom_confusion_cloud, yredelemnul_forgotten_temple_becter, uniq_pikel
D:9:      overflow_temple_1_default
D:11:     erik_lair_orcish_takeover, minmay_orc_entry_guard_dogs, the_bakery,
          hangedman_tree_tricks
D:12:     serial_bayou_pond_c, uniq_kirke
D:13:     uniq_frances, uniq_maurice
D:14:     lightli_vaults_fourway_checkpoint, serial_shops,
          nicolae_shop_competitors_out_of_business, hex_medium
D:15:     grunt_enter_depths_hoard, serial_shops, nicolae_shop_crystal
Temple:   minmay_temple_curvy_branch
Lair:1:   patterned_corridor, lemuel_fruit_fields
Lair:2:   minmay_shoals_entry_lonely_mermaid, lab_entry_generic
Lair:3:   regret_index_combs_of_tragedy, minmay_snake_entry_guardpost_small,
          basic_altar, infiniplex_staircase_pool
Lair:5:   grunt_megastairs_1
Lair:6:   hangedman_lair_in_review, slime_altar_2
Snake:1:  portal_ice_cave_entry_ice_statue_one, serial_shops, shop, shop,
          nicolae_shop_waterfront, nicolae_shop_stone
Orc:1:    serial_shops, shop
Orc:2:    st_orc_elflike
Sewer:    sewer_fruit_machine
IceCv:    ice_cave_caverns_03

Skill      XL: |  1  2  3  4  5  6  7  8  9 10 11 12 13 14 15 16 |
---------------+-------------------------------------------------+-----
Long Blades    | 3 4 5 6 7 9 10 11 13 14 | 14.0
Dodging        | 3 4 5 6 7 8 9 10 | 10.6
Armour         | 1 2 3 4 5 6 8 9 10 | 10.6
Shields        | 1 2 4 5 6 8 10 11 12 13 | 13.0
Invocations    | 3 9 10 | 10.1
Fighting       | 4 8 9 10 | 10.8
Necromancy     | 3 4 |  4.2
Stealth        | |  1.7

Action                   |  1- 3 |  4- 6 |  7- 9 | 10-12 | 13-15 | 16-18 || total
-------------------------+-------+-------+-------+-------+-------+-------++-------
Melee: Falchion          |   101 |   149 |    71 |       |       |       ||   321
       Kick              |       |    19 |   143 |   426 |   549 |    29 ||  1166
       Long sword        |       |       |   255 |   604 |   391 |       ||  1250
       Demon blade       |       |       |       |       |   813 |    42 ||   855
  Use: Scroll            |       |     3 |    11 |    12 |    19 |       ||    45
       Potion            |       |       |     2 |     1 |     1 |     2 ||     6
 Stab: Sleeping          |     3 |       |       |       |       |       ||     3
       Distracted        |     1 |       |       |       |       |       ||     1
       Petrified         |       |       |       |       |     4 |       ||     4
  Eat: Chunk             |     1 |     3 |    10 |    13 |    20 |       ||    47
       Ration            |       |     1 |     1 |       |     1 |       ||     3
Armor: Robe              |    28 |       |       |       |       |       ||    28
       Chain mail        |     3 |    20 |    11 |    34 |       |       ||    68
       Scale mail        |       |    30 |    74 |       |       |       ||   104
       Plate armour      |       |       |       |   144 |   319 |    11 ||   474
Dodge: Dodged            |    99 |    41 |   116 |   280 |   560 |    23 ||  1119
Block: Buckler           |       |     9 |    48 |       |       |       ||    57
       Shield            |       |       |    60 |   421 |   963 |    40 ||  1484
       Reflection        |       |       |       |       |     9 |     1 ||    10
       Rpst.: Falchion   |    37 |    11 |    10 |       |       |       ||    58
       Long sword        |       |       |    34 |    59 |    48 |       ||   141
       Demon blade       |       |       |       |       |    72 |     6 ||    78

Table legend:
 A = Spawn XP
 B = Non-spawn XP
 C = Spawn XP percentage of total XP
 D = Spawn monster count
 E = Non-spawn monster count
 F = Spawn count percentage of total count
 G = Total turns spent on level
                    A         B        C        D         E        F      G
               +---------+---------+-------+---------+---------+-------+---------
         Total |       0 |  159698 |   0.0 |       0 |     836 |   0.0 | 26209
               +---------+---------+-------+---------+---------+-------+---------
           D:1 |       0 |      43 |   0.0 |       0 |      27 |   0.0 |   880
           D:2 |       0 |     132 |   0.0 |       0 |      32 |   0.0 |  1111
           D:3 |       0 |      41 |   0.0 |       0 |      15 |   0.0 |   730
           D:4 |       0 |     988 |   0.0 |       0 |      35 |   0.0 |   910
           D:5 |       0 |     619 |   0.0 |       0 |      15 |   0.0 |  1301
           D:6 |       0 |    1973 |   0.0 |       0 |      32 |   0.0 |  1194
           D:7 |       0 |    1318 |   0.0 |       0 |      35 |   0.0 |   632
           D:8 |       0 |    3534 |   0.0 |       0 |      37 |   0.0 |  1261
           D:9 |       0 |    3224 |   0.0 |       0 |      42 |   0.0 |  1168
          D:10 |       0 |    2535 |   0.0 |       0 |      19 |   0.0 |   996
          D:11 |       0 |    5166 |   0.0 |       0 |      26 |   0.0 |  1448
          D:12 |       0 |    3636 |   0.0 |       0 |      16 |   0.0 |   779
          D:13 |       0 |   11488 |   0.0 |       0 |      32 |   0.0 |  1231
          D:14 |       0 |   24699 |   0.0 |       0 |      72 |   0.0 |  1527
          D:15 |       0 |   13983 |   0.0 |       0 |      37 |   0.0 |   588
        Lair:1 |       0 |    5068 |   0.0 |       0 |      23 |   0.0 |   921
        Lair:2 |       0 |    7916 |   0.0 |       0 |      32 |   0.0 |  1312
        Lair:3 |       0 |   15905 |   0.0 |       0 |      73 |   0.0 |  1786
        Lair:4 |       0 |    3950 |   0.0 |       0 |      12 |   0.0 |   789
        Lair:5 |       0 |    4220 |   0.0 |       0 |      18 |   0.0 |   900
        Lair:6 |       0 |   16757 |   0.0 |       0 |      48 |   0.0 |  1421
       Snake:1 |       0 |    9991 |   0.0 |       0 |      21 |   0.0 |   269
         Orc:1 |       0 |    3496 |   0.0 |       0 |      24 |   0.0 |   456
         Orc:2 |       0 |    9562 |   0.0 |       0 |      38 |   0.0 |  1198
         Sewer |       0 |      89 |   0.0 |       0 |      25 |   0.0 |   589
         IceCv |       0 |    9365 |   0.0 |       0 |      50 |   0.0 |   583
               +---------+---------+-------+---------+---------+-------+---------
